 Dungeon Crawl Stone Soup version 0.31.0-32-g396128a36d (webtiles) character file.

Game seed: 10362275666081027563

435539 4Hooves2Appendages the Hermetic (level 23, -1/203 (241) HPs)
             Began as an Oni Alchemist on Mar 16, 2024.
             Was the Champion of Zin.
             Slain by a dread lich (5 damage)
             ... on level 3 of the Vaults on Apr 10, 2024.
             The game lasted 15:49:02 (100386 turns).

4Hooves2Appendages the Hermetic (Oni Alchemist)   Turns: 100386, Time: 15:49:03

HP:   -1/203 (241)  AC: 10    Str: 18    XL:     23   Next: 66%
MP:   3/49          EV: 15    Int: 26    God:    Zin [******]
Gold: 906           SH:  0    Dex: 15    Spells: 5/49 levels left

rFire   . . .        a - +7 rapier of Valour {venom, rF+ rN+ Int+2}
rCold   + . .        (no shield)
rNeg    + . .        Q - +2 robe {rC+}
rPois   .            W - +2 hat
rElec   .            s - +2 cloak
rCorr   .            (gloves unavailable)
SInv    +            (boots unavailable)
Will    +++++        E - amulet of faith
Stlth   +++          c - ring "Lalot" {rF- Will+++ MP+9 Dex+6 Slay-6, =R}
HPRegen 0.53/turn    P - ring of see invisible
MPRegen 0.31/turn

%: faith
@: lethally poisoned (-1 -> -23), studying 2 skills, heavily drained
A: large, unfitting armour, horns 1, tough skin 1, double potion healing,
drunken brawling
}: 3/15 runes: serpentine, barnacled, slimy
a: Renounce Religion, Recite, Vitalisation, Imprison, Sanctuary, Donate Gold


You were on level 3 of the Vaults.
You worshipped Zin.
Zin was exalted by your worship.
You visited 9 branches of the dungeon, and saw 43 of its levels.
You also visited: Ossuary.

You collected 7306 gold pieces.
You spent 5075 gold pieces at shops.
You donated 1325 gold pieces to Zin.

Inventory:

Hand Weapons
 a - the +7 rapier of Valour (weapon) {venom, rF+ rN+ Int+2}
   (You took it off an orc on level 5 of the Dungeon)

   Int+2:     It affects your intelligence (+2).
   rF+:       It protects you from fire.
   rN+:       It protects you from negative energy.
Missiles
 l - 22 large rocks (quivered)
 q - 39 boomerangs
 F - 4 throwing nets
 I - 5 silver javelins
 J - 6 darts of dispersal
 T - 22 javelins
 U - 12 curare-tipped darts
Armour
 i - an orb of energy
 k - a +0 cloak of poison resistance
 s - a +2 cloak (worn)
 Q - a +2 robe of cold resistance (worn)
 W - a +2 hat (worn)
Magical Staves
 b - a staff of air
Jewellery
 c - the ring "Lalot" (left hand) {rF- Will+++ MP+9 Dex+6 Slay-6, =R}
   (You found it on level 4 of the Shoals)

   [ring of magical power]

   Dex+6:     It affects your dexterity (+6).
   Slay-6:    It affects your accuracy & damage with ranged weapons and melee
   (-6).
   rF-:       It makes you vulnerable to fire.
   Will+++:   It greatly increases your willpower.
   MP+9:      It affects your magic capacity (+9).
 e - a ring of poison resistance
 f - a ring of protection from fire
 E - an amulet of faith (around neck)
 K - a ring of flight
 P - a ring of see invisible (right hand)
 X - a ring of protection from cold
Wands
 t - a wand of digging (7)
 L - a wand of light (22)
 O - a wand of paralysis (40)
 Y - a wand of roots (17)
Scrolls
 g - 8 scrolls of fog
 j - 2 scrolls of vulnerability
 m - 3 scrolls of poison
 r - 12 scrolls of teleportation
 y - a scroll of blinking
 C - 8 scrolls of revelation
 N - 2 scrolls of summoning
 V - 4 scrolls of fear
Potions
 h - 2 potions of cancellation
 n - 7 potions of magic
 o - 11 potions of enlightenment
 w - 15 potions of curing
 x - 6 potions of heal wounds
 A - 6 potions of haste
 D - 8 potions of brilliance
 G - 4 potions of resistance
 Z - 3 potions of invisibility
Miscellaneous
 H - a condenser vane
 R - a lightning rod (4/4)
 S - a phantom mirror


   Skills:
 + Level 16.9 Fighting
 + Level 4.0 Throwing
 - Level 4.1 Armour
 + Level 11.4 Dodging
 - Level 5.0 Stealth
 + Level 13.7 Spellcasting
 + Level 15.4 Conjurations
 - Level 3.0 Summonings
 - Level 5.0 Translocations
 + Level 8.1 Fire Magic
 - Level 11.0 Ice Magic
 - Level 15.0 Air Magic
 + Level 17.5 Alchemy
 - Level 15.0 Invocations
 - Level 7.0 Evocations


You had 5 spell levels left.
You knew the following spells:

 Your Spells              Type           Power      Damage    Failure   Level
a - Apportation           Tloc           86%        N/A       1%          1
b - Blink                 Tloc           86%        N/A       1%          2
c - Alistair's Intoxicat  Alch           55%        N/A       1%          5
d - Sticky Flame          Fire/Alch      71%        2d11      1%          4
e - Fulminant Prism       Conj/Alch      40%        3d19      1%          4
f - Freezing Cloud        Conj/Ice/Air   37%        6-21      1%          5
g - Arcjolt               Conj/Air       38%        1d48      1%          5
h - Summon Ice Beast      Ice/Summ       53%        N/A       1%          3
q - Conjure Ball Lightni  Conj/Air       38%        3x3d12    1%          6
r - Olgreb's Toxic Radia  Alch           83%        N/A       1%          4
s - Stone Arrow           Conj/Erth      100%       3d13      1%          3
v - Mercury Vapours       Alch/Air       100%       N/A       0%          2

Your spell library contained the following spells:

 Spells                   Type           Power      Damage    Failure   Level
 Magic Dart               Conj           100%       1d8       0%          1
 Sting                    Conj/Alch      100%       1d9       0%          1
 Searing Ray              Conj           100%       2d8       0%          2
 Mephitic Cloud           Conj/Alch/Air  79%        N/A       0%          3
 Kiss of Death            Conj/Necr      100%       2d13      1%          1
 Summon Small Mammal      Summ           100%       N/A       1%          1
 Cigotuvi's Dreadful Rot  Necr/Alch/Air  100%       N/A       1%          2
 Lesser Beckoning         Tloc           86%        N/A       1%          2
 Momentum Strike          Conj/Tloc      100%       3d10      1%          2
 Dazzling Flash           Conj/Hex       100%       N/A       1%          3
 Frozen Ramparts          Ice            100%       1d16      1%          3
 Hailstorm                Conj/Ice       72%        3d13      1%          3
 Inner Flame              Hex/Fire       38%        N/A       1%          3
 Ozocubu's Armour         Ice            66%        N/A       1%          3
 Brom's Barrelling Bould  Conj/Erth      55%        2d7       1%          4
 Flame Wave               Conj/Fire      68%        2d15      1%          4
 Ignite Poison            Fire/Alch      71%        N/A       1%          4
 Iskenderun's Mystic Bla  Conj/Tloc      63%        2d13      1%          4
 Leda's Liquefaction      Alch/Erth      29%        N/A       1%          4
 Petrify                  Alch/Erth      59%        N/A       1%          4
 Vhi's Electric Charge    Tloc/Air       100%       N/A       1%          4
 Fireball                 Conj/Fire      34%        3d14      1%          5
 Call Canine Familiar     Summ           33%        N/A       2%          3
 Yara's Violent Unravell  Hex/Alch       29%        3d12      2%          5
 Necrotise                Necr           68%        1d7       3%          1
 Sandblast                Erth           34%        2d9       3%          1
 Slow                     Hex            68%        N/A       3%          1
 Summon Blazeheart Golem  Fire/Summ      46%        N/A       3%          4
 Jinxbite                 Hex            34%        N/A       4%          2
 Manifold Assault         Tloc           43%        N/A       4%          4
 Passage of Golubria      Tloc           43%        N/A       4%          4
 Silence                  Hex/Air        27%        N/A       4%          5
 Metabolic Englaciation   Hex/Ice        23%        N/A       9%          5
 Confusing Touch          Hex            17%        N/A       10%         3
 Fugue of the Fallen      Necr           17%        N/A       10%         3
 Passwall                 Erth           17%        N/A       10%         3
 Sigil of Binding         Hex            17%        N/A       10%         3
 Tukima's Dance           Hex            17%        N/A       10%         3
 Vampiric Draining        Necr           17%        2d7       10%         3
 Dimensional Bullseye     Hex/Tloc       15%        N/A       11%         4
 Summon Forest            Summ/Tloc      19%        N/A       17%         5
 Anguish                  Hex/Necr       8%         N/A       30%         4
 Cause Fear               Hex            8%         N/A       30%         4
 Dispel Undead            Necr           17%        3d10      30%         4
 Summon Mana Viper        Hex/Summ       25%        N/A       43%         5
 Borgnjor's Vile Clutch   Necr/Erth      8%         N/A       65%         5
 Curse of Agony           Necr           17%        N/A       65%         5
 Sculpt Simulacrum        Ice/Alch       37%        N/A       1%          6
 Plasma Beam              Fire/Air       33%        2x1d46    4%          6
 Orb of Destruction       Conj           39%        9d11      4%          7
 Ozocubu's Refrigeration  Ice            33%        4d14      28%         7
 Dispersal                Tloc           21%        N/A       52%         6
 Spellforged Servitor     Conj/Summ      30%        N/A       52%         7
 Summon Cactus Giant      Summ           16%        N/A       80%         6
 Death Channel            Necr           8%         N/A       99%         6
 Malign Gateway           Summ/Tloc      19%        N/A       99%         7
 Chain Lightning          Conj/Air       38%        3d51      99%         9
 Enfeeble                 Hex            8%         N/A       100%        7
 Monstrous Menagerie      Summ           16%        N/A       100%        7
 Discord                  Hex            8%         N/A       100%        8
 Disjunction              Tloc           21%        N/A       100%        8
 Ignition                 Fire           28%        3d9       100%        8
 Dragon's Call            Summ           16%        N/A       100%        9
 Fire Storm               Conj/Fire      34%        8d9       100%        9
 Shatter                  Erth           8%         3d10*     100%        9


Dungeon Overview and Level Annotations

Branches:
Dungeon (15/15)            Temple (0/1) D:5            Lair (5/5) D:8
 Shoals (4/4) Lair:3        Snake (4/4) Lair:3        Slime (5/5) Lair:4
    Orc (2/2) D:9             Elf (3/3) Orc:2        Vaults (4/5) D:14
  Crypt (1/3) Vaults:3     Depths (0/4) D:15        Ossuary (visited)

Altars:
Ashenzari
Cheibriados
Kikubaaqudgha
Makhleb
Okawaru
Sif Muna
Uskayaw
Vehumet
Wu Jian
Xom
Yredelemnul
Zin
Jiyva

Shops:
D:9 ([   D:11 *   Orc:2 ?*:[*   Elf:3 (   Shoals:3 *   Snake:2 (([   Snake:3 *(
Vaults:3 (   Vaults:4 [

Portals:
Pandemonium: Orc:2

Annotations:
Shoals:1 exclusion: downstairs
Orc:1 JORGRUN!
Elf:1 Nikola
Elf:2 3 runed translucent doors, exclusion: 3 doors
Vaults:2 exclusion: 2 upstairs
Crypt:1 1 transporter


Innate Abilities, Weirdness & Mutations

You are too large for most types of armour.
You have a pair of small horns on your head.
You have tough skin. (AC +1)
You gain doubled healing and magic from potions.
Whenever you drink a healing potion, you attack all around you.


Message History

The dread lich touches you but does no damage.
The dread lich mumbles some strange words.
The dread lich barely misses you.
Throw: 24 large rocks
Press: ? - help, Q - select action, (/) - cycle Shift-Dir - straight line, f/p - dread lich
Aim: a dread lich (severely damaged, fast, slightly transparent, 60% to hit)
You throw a large rock.
The large rock hits the dread lich but does no damage.
The dread lich is severely damaged.
The dread lich touches you but does no damage.
The dread lich touches you! You partially resist.
You feel drained.
Throw: 23 large rocks
Press: ? - help, Q - select action, (/) - cycle Shift-Dir - straight line, f/p - dread lich
Aim: a dread lich (severely damaged, fast, slightly transparent, 60% to hit)
You throw a large rock.
The large rock barely misses the dread lich.
The dread lich touches you. The green death gestures at you.
The bolt of poison hits you!!
You are poisoned.
* * * LOW HITPOINT WARNING * * *
The dread lich touches you!
* * * LOW HITPOINT WARNING * * *
The green death hits you!!
* * * LOW HITPOINT WARNING * * *
The dread lich touches you but does no damage.
You take a swig of the potion and twirl the +7 rapier of Valour {venom, rF+ rN+ Int+2}.
You barely miss the dread lich. Your headbutt misses the dread lich.
The dread lich is severely damaged.
You puncture the green death!
You headbutt the green death, but do no damage.
The green death is lightly wounded.
You savour every drop.
You feel better. The dread lich touches you.
* * * LOW HITPOINT WARNING * * *
The green death gestures at you. The bolt of poison hits you!!
You are poisoned.
* * * LOW HITPOINT WARNING * * *
The dread lich touches you.
You die...

....#.#..#.......#.........#
.#.......#.......###########
##.##.##.#############
#...###..# #.........#
##.##.##.# #..#####..#
.#.......# #..#...#..#
.........# #.##...##.#########
########'###.#.....#.#.......#
......[....#('.L@..#.#.##.##.#
...)...[[[['.#.2...#.#.##.##)#
...........#.##...##.#.......#
.[.......[.#..#...#..#.##.##.#
.....[.....#..#####..#.##.##.#
######.....#.........'.......#
#.....###################
#.....# #.....#


You could see a dread lich (fast, invisible) and a green death (summoned).

Vanquished Creatures
  the Royal Jelly (Slime:5)
  Josephina (Crypt:1)
  Vashnia (Snake:3)
  Norris (Vaults:1)
  Jorgrun (Orc:1)
  3 liches
  2 deep elf blademasters (Elf:3)
  2 deep elf master archers (Elf:3)
  Polyphemus (Shoals:2)
  4 sphinxes (Shoals:4)
  15 acid blobs
  2 tengu reavers
  Ilsuiw (Shoals:2)
  Aizul (Snake:2)
  11 azure jellies
  8 rockslimes
  4 nagarajas
  Donald (Snake:3)
  A deep elf sorcerer (Elf:3)
  An emperor scorpion (D:14)
  13 vault wardens
  3 deep elf elementalists (Elf:3)
  2 curse skulls
  8 formless jellyfish
  A reaper (Crypt:1)
  An orc warlord (Vaults:3)
  A very ugly thing (Vaults:4)
  23 ironbound preservers
  18 quicksilver oozes
  5 deep elf demonologists (Elf:3)
  2 vampire knights (Crypt:1)
  4 ironbound thunderhulks
  7 dire elephants
  8 deep elf death magi
  6 deep elf annihilators (Elf:3)
  A war gargoyle (Vaults:1)
  A crystal guardian (Vaults:1)
  5 eidola
  6 merfolk impalers
  6 merfolk javelineers
  An entropy weaver (D:14)
  8 jiangshi (Crypt:1)
  6 yaktaur captains
  2 deep elf high priests (Elf:3)
  4 vault guards
  3 salamander tyrants
  12 great orbs of eyes
  A hydra (Lair:2)
  2 demonspawn (Orc:2)
  2 ogre magi
  8 anacondas
  6 centaur warriors
  4 merfolk avatars
  4 peacekeepers
  An alligator snapping turtle (Shoals:4)
  A catoblepas (Shoals:2)
  5 satyrs (Shoals:4)
  5 merfolk aquamancers
  8 ironbound frosthearts
  12 two-headed ogres
  A boulder beetle (D:14)
  15 dancing weapons
  6 orc high priests (Orc:2)
  4 shock serpents
  Urug (D:10)
  6 vampire magi
  16 naga warriors
  3 deep elf knights (Elf:3)
  5 death yaks
  12 naga sharpshooters
  A soul eater (Crypt:1)
  Sonja (Orc:1)
  A skeletal warrior (Vaults:3)
  5 hell knights (Vaults:1)
  A sun demon (Orc:2)
  11 salamander mystics
  Lodul (D:10)
  9 skysharks
  60 deep trolls
  7 mana vipers
  9 arcanists
  8 glowing orange brains
  12 ironbound convokers
  9 sea snakes
  10 deep elf archers
  2 spriggan simulacra (Crypt:1)
  10 naga ritualists
  4 phantasmal warriors (Crypt:1)
  9 lindwurms
  14 harpies
  7 necromancers
  A harpy (shapeshifter) (Elf:1)
  A frost giant zombie (Vaults:1)
  11 orc knights
  9 orc sorcerers
  10 fauns
  13 deep elf pyromancers
  A tengu skeleton (Vaults:1)
  An iron dragon zombie (Vaults:3)
  A shadow dragon skeleton (Vaults:3)
  9 shining eyes
  13 deep elf zephyrmancers
  10 salamanders
  4 cyclopes
  8 manticores
  A manticore (shapeshifter) (Vaults:4)
  12 ugly things
  An iron dragon skeleton (Crypt:1)
  3 meliai (D:14)
  27 elephants
  5 guardian serpents
  5 kobold blastminers
  15 vault sentinels
  26 black mambas
  4 water nymphs
  An eye of devastation (Slime:1)
  4 merfolk sirens (Shoals:2)
  11 naga magi
  An alligator snapping turtle zombie (Crypt:1)
  A torpor snail (shapeshifter) (Vaults:2)
  A gargoyle (D:12)
  A large abomination (Elf:1)
  Jeremiah (D:8)
  An alligator snapping turtle skeleton (Crypt:1)
  11 cane toads
  A bunyip simulacrum (Crypt:1)
  2 kobold demonologists
  27 yaktaurs
  3 rime drakes
  A sea snake zombie (Crypt:1)
  A redback zombie (Crypt:1)
  2 freezing wraiths
  2 efreet (D:15)
  10 komodo dragons
  14 merfolk
  8 trolls
  7 polar bears
  A red devil (Orc:2)
  2 hornets
  A hellwing (Orc:2)
  A tarantella (shapeshifter) (Elf:1)
  6 wind drakes
  A glass eye (Slime:5)
  29 blink frogs
  A stone giant simulacrum (Vaults:1)
  An ice dragon zombie (Crypt:1)
  6 snapping turtles
  97 slime creatures
  2 shadows (D:11)
  2 spriggans (shapeshifter)
  2 wraiths
  56 yaks
  14 water elementals
  3 air elementals
  3 wyverns
  A fire elemental (Elf:3)
  6 golden eyes
  9 steam dragons
  4 basilisks
  A warg (Orc:1)
  A golden eye (shapeshifter) (D:14)
  10 vampire mosquitoes
  Grum (D:10)
  A glowing shapeshifter zombie (Crypt:1)
  An alligator snapping turtle simulacrum (Crypt:1)
  A harpy simulacrum (Crypt:1)
  36 nagas
  2 human zombies
  A two-headed ogre zombie (Crypt:1)
  An acid dragon (D:14)
  13 water moccasins
  24 orc warriors
  A sky beast (D:7)
  15 laughing skulls (Crypt:1)
  2 ice beasts (D:7)
  4 boggarts (D:14)
  12 centaurs
  28 wolves
  14 ogres
  5 elf zombies (Elf:1)
  A rime drake skeleton (Crypt:1)
  4 kobold brigands
  10 bullfrogs
  3 scorpions
  A gnoll sergeant (D:9)
  3 earth elementals
  2 burial acolytes (Ossuary)
  3 wights (D:8)
  A polar bear zombie (Crypt:1)
  15 killer bees
  2 howler monkeys
  12 electric eels
  A bombardier beetle (D:5)
  3 lava snakes (Lair:3)
  18 orc priests
  5 hounds
  2 iguanas
  13 orc wizards
  6 mummies
  A howler monkey zombie (Crypt:1)
  8 gnolls
  4 adders
  A shadow imp (D:4)
  A swamp drake skeleton (Crypt:1)
  4 ufetubi
  4 dart slugs
  3 ribbon worms
  86 orcs
  6 ball pythons
  7 endoplasms
  7 giant cockroaches
  2 gnoll zombies (Ossuary)
  7 goblins
  15 hobgoblins
  7 jackals
  3 quokkas
  6 bats
  5 frilled lizards
  A giant cockroach zombie (Crypt:1)
  24 kobolds
  3 kobold zombies (Ossuary)
  3 orc zombies (Ossuary)
  4 rats
  3 fulminant prisms
1582 creatures vanquished.

Vanquished Creatures (collateral kills)
  2 sphinxes
  2 acid blobs (Slime:5)
  2 nagarajas
  2 vault wardens
  An orc warlord (Vaults:3)
  3 ironbound preservers
  2 formless jellyfish
  An ironbound thunderhulk (Vaults:2)
  3 deep elf death magi
  A deep elf high priest (Vaults:3)
  4 yaktaur captains
  A vault guard (Vaults:3)
  A quicksilver dragon skeleton (Vaults:3)
  A great orb of eyes (Vaults:2)
  A demonspawn (Orc:2)
  4 ironbound frosthearts
  A salamander tyrant (Snake:2)
  2 anacondas (Snake:4)
  2 satyrs (Shoals:4)
  2 dancing weapons (Elf:2)
  A naga warrior (Snake:3)
  A shock serpent (Snake:4)
  2 hell knights (Vaults:1)
  2 skysharks
  A mana viper (Snake:4)
  2 sea snakes (Snake:4)
  2 salamander mystics (Snake:4)
  2 arcanists
  6 deep trolls
  A naga ritualist (Snake:2)
  5 harpies
  A deep elf zephyrmancer (Elf:1)
  An orc knight (Orc:2)
  3 manticores
  2 fauns
  A cyclops (D:13)
  5 salamanders
  An eye of devastation (Slime:3)
  4 black mambas
  A merfolk siren (Shoals:4)
  2 guardian serpents (Snake:4)
  3 naga magi
  4 yaktaurs
  A red devil (Orc:2)
  A hellwing (Orc:2)
  5 merfolk
  A wind drake (Shoals:3)
  A snapping turtle (Shoals:2)
  13 slime creatures
  9 water elementals
  3 golden eyes (Slime:5)
  A vampire mosquito (D:13)
  A chaos spawn (Orc:2)
  2 nagas
  3 orc warriors (Orc:2)
  2 wolves (Lair:2)
  An elf zombie (Elf:1)
  5 orc priests (Orc:2)
  2 orc wizards (Orc:2)
  5 orcs
  10 ball lightnings
157 creatures vanquished.

Vanquished Creatures (others)
  An ugly thing (Vaults:3)
  A snapping turtle (Shoals:4)
  A naga (Snake:3)
  358 ball lightnings
  107 fulminant prisms
468 creatures vanquished.

Grand Total: 2207 creatures vanquished

Notes
Turn   | Place    | Note
-------+----------+-------------------------------------------
     0 | D:1      | 4Hooves2Appendages the Oni Alchemist began the quest for
                  | the Orb.
     0 | D:1      | Reached XP level 1. HP: 16/16 MP: 3/3
   204 | D:1      | Reached skill level 1 in Conjurations
   522 | D:1      | Reached XP level 2. HP: 24/24 MP: 0/5
   525 | D:1      | Learned a level 2 spell: Mercury Vapours
  1121 | D:1      | Reached skill level 1 in Fighting
  1205 | D:1      | Reached skill level 3 in Alchemy
  1239 | D:1      | Reached XP level 3. HP: 33/33 MP: 2/6
  1243 | D:1      | Learned a level 3 spell: Mephitic Cloud
  1858 | D:2      | Noticed a scorpion
  1957 | D:2      | Reached skill level 1 in Air Magic
  2320 | D:2      | You fall into a shaft and drop 1 floor!
  2710 | D:3      | Reached XP level 4. HP: 42/42 MP: 7/7
  3537 | D:2      | Killed a scorpion
  3538 | D:2      | Reached XP level 5. HP: 53/53 MP: 2/8
  3883 | D:3      | Found a basalt altar of Yredelemnul.
  3911 | D:3      | Found a glowing silver altar of Zin.
  4518 | D:3      | Became a worshipper of Zin the Law-Giver
  4518 | D:3      | Reached * piety under Zin
  5147 | D:4      | Reached XP level 6. HP: 56/61 MP: 2/10
  6063 | D:5      | Entered Level 5 of the Dungeon
  6081 | D:5      | Reached skill level 1 in Evocations
  6086 | D:5      | Learned a level 4 spell: Sticky Flame
  6128 | D:5      | Found a sand-covered staircase.
  6192 | Ossuary  | Entered an ossuary
  6543 | Ossuary  | Reached skill level 1 in Fire Magic
  6558 | Ossuary  | Reached skill level 4 in Alchemy
  6558 | Ossuary  | Reached XP level 7. HP: 67/67 MP: 3/11
  6933 | D:5      | Found a staircase to the Ecumenical Temple.
  7046 | D:5      | Reached ** piety under Zin
  7070 | D:5      | Found a shimmering altar of Xom.
  7243 | D:5      | Found a broken altar of Ashenzari.
  7721 | D:5      | Reached skill level 1 in Invocations
  8084 | D:5      | Identified the +7 rapier of Valour {venom, rF+ rN+ Int+2}
  8214 | D:6      | Reached *** piety under Zin
  9028 | D:6      | Reached XP level 8. HP: 78/78 MP: 6/12
  9724 | D:7      | Reached skill level 5 in Alchemy
  9815 | D:7      | Found a hide-covered altar of Uskayaw.
  9818 | D:7      | Found a radiant altar of Vehumet.
  9825 | D:7      | Found an iron altar of Okawaru.
  9828 | D:7      | Found an ornate altar of the Wu Jian Council.
 10085 | D:7      | Reached **** piety under Zin
 10107 | D:7      | Found an ancient bone altar of Kikubaaqudgha.
 10110 | D:7      | Found a snail-covered altar of Cheibriados.
 10269 | D:7      | Reached skill level 5 in Fighting
 10995 | D:7      | Found a burning altar of Makhleb.
 11319 | D:8      | Noticed a hornet
 11444 | D:8      | Reached XP level 9. HP: 88/88 MP: 7/14
 11541 | D:8      | Reached skill level 5 in Fire Magic
 11541 | D:8      | Reached skill level 6 in Alchemy
 11546 | D:8      | Learned a level 4 spell: Olgreb's Toxic Radiance
 11928 | D:8      | Noticed a troll
 12624 | D:8      | Killed a troll
 12625 | D:8      | Reached skill level 7 in Alchemy
 13017 | D:8      | Reached skill level 5 in Spellcasting
 13127 | D:8      | Found a staircase to the Lair.
 13235 | D:8      | Reached skill level 5 in Invocations
 13235 | D:8      | Reached XP level 10. HP: 98/98 MP: 5/19
 13810 | D:8      | Noticed Jeremiah
 14063 | D:8      | Learned a level 4 spell: Fulminant Prism
 14092 | D:8      | Reached skill level 8 in Alchemy
 14590 | D:9      | Found Suddin's Armour Emporium.
 14591 | D:9      | Found a staircase to the Orcish Mines.
 14591 | D:9      | Found Awutiny's Weapon Emporium.
 14906 | D:9      | Reached skill level 1 in Ice Magic
 15031 | D:9      | Reached ***** piety under Zin
 16435 | D:10     | Entered Level 10 of the Dungeon
 16454 | D:10     | Noticed Lodul
 16475 | D:10     | Killed Lodul
 16476 | D:10     | Reached skill level 9 in Alchemy
 16476 | D:10     | Reached XP level 11. HP: 93/109 MP: 10/20
 16536 | D:10     | Reached ****** piety under Zin
 16763 | D:10     | Noticed a two-headed ogre
 16898 | D:10     | Noticed Urug
 16920 | D:10     | Killed Urug
 16932 | D:10     | Killed a two-headed ogre
 16934 | D:10     | Noticed Grum
 17535 | D:10     | Killed Grum
 17753 | Lair:1   | Entered Level 1 of the Lair of Beasts
 17890 | D:8      | Learned a level 4 spell: Ignite Poison
 18064 | Lair:1   | Reached skill level 5 in Conjurations
 18348 | Lair:2   | Reached skill level 5 in Ice Magic
 18348 | Lair:2   | Reached skill level 5 in Air Magic
 18353 | Lair:2   | Reached XP level 12. HP: 122/122 MP: 18/21
 18536 | Lair:2   | Reached skill level 10 in Alchemy
 18885 | Lair:2   | Noticed a five-headed hydra
 21921 | Lair:3   | Found a staircase to the Snake Pit.
 22715 | Lair:3   | Found a staircase to the Shoals.
 22993 | Lair:3   | Reached XP level 13. HP: 85/131 MP: 18/23
 23719 | Lair:4   | Found a staircase to the Slime Pits.
 24485 | Lair:5   | Entered Level 5 of the Lair of Beasts
 24672 | Lair:4   | Learned a level 5 spell: Freezing Cloud
 25915 | Lair:5   | Reached XP level 14. HP: 140/140 MP: 26/26
 25939 | Lair:5   | Learned a level 1 spell: Apportation
 25988 | Lair:5   | Reached skill level 1 in Translocations
 26487 | Lair:5   | Reached skill level 1 in Armour
 27937 | Lair:5   | Got Joemirchi's Handbook of Fumes
 28087 | D:8      | Killed Jeremiah
 28474 | D:11     | Found Adagh's General Store.
 28482 | D:11     | Bought a scroll of fear for 52 gold pieces
 28482 | D:11     | Bought a potion of cancellation for 104 gold pieces
 31005 | Orc:1    | Entered Level 1 of the Orcish Mines
 31026 | Orc:1    | Reached XP level 15. HP: 136/149 MP: 27/27
 31032 | Orc:1    | Reached skill level 10 in Fighting
 31119 | Orc:1    | Noticed Sonja
 31127 | Orc:1    | Killed Sonja
 31262 | D:9      | Learned a level 3 spell: Summon Ice Beast
 31636 | Orc:1    | Reached skill level 11 in Alchemy
 31847 | Orc:2    | Entered Level 2 of the Orcish Mines
 32098 | Orc:2    | Found Wipeh's Overcharged Wands.
 32125 | Orc:2    | Reached skill level 10 in Spellcasting
 32170 | Orc:2    | Found a staircase to the Elven Halls.
 33259 | Orc:1    | Noticed Jorgrun
 33317 | Orc:2    | Found Xestrieg's Magic Scroll Shoppe.
 33320 | Orc:2    | Found Anelusar's General Store.
 33638 | Orc:2    | Reached skill level 5 in Translocations
 34490 | Orc:2    | Found Lonk's Antique Armour Shop.
 34490 | Orc:2    | Found Xestrem's Book Boutique.
 34491 | Orc:2    | Found a one-way gate leading to the halls of Pandemonium.
 34524 | Orc:2    | Bought a scroll of acquirement for 728 gold pieces
 34524 | Orc:2    | Acquired 989 gold pieces
 34528 | Orc:2    | Bought a scroll of identify for 30 gold pieces
 34528 | Orc:2    | Bought a scroll of vulnerability for 60 gold pieces
 34533 | Orc:2    | Bought a wand of digging (8) for 470 gold pieces
 34533 | Orc:2    | Bought a condenser vane for 560 gold pieces
 34535 | Orc:2    | Bought a scroll of poison for 60 gold pieces
 34535 | Orc:2    | Bought a scroll of poison for 60 gold pieces
 34739 | Snake:1  | Entered Level 1 of the Snake Pit
 35910 | Snake:1  | Reached skill level 10 in Conjurations
 36461 | Snake:2  | Reached skill level 10 in Air Magic
 36537 | Snake:2  | Found Becwuc's Antique Weapon Shoppe.
 36639 | Snake:2  | Reached skill level 10 in Ice Magic
 36669 | Snake:2  | Found Uhiq's Antique Armour Shop.
 36678 | Snake:2  | Bought a transparent orb for 364 gold pieces
 36678 | Snake:2  | Identified the orb "Ilac" {*Rage, Will- SInv Ice} (You
                  | bought it in a shop on level 2 of the Snake Pit)
 36686 | Snake:2  | Noticed a nagaraja
 36728 | Snake:2  | Found Vedic's Antique Weapon Shoppe.
 36810 | Snake:2  | Found a transporter.
 36811 | Snake:2  | Found a radiant altar of Vehumet.
 36819 | Snake:2  | Noticed a nagaraja
 37188 | Snake:3  | Identified the serpent talisman "Liburidi" {+Blink}
 37188 | Snake:3  | Noticed Aizul
 37203 | Snake:2  | Killed Aizul
 37731 | Snake:3  | Reached XP level 16. HP: 146/158 MP: 30/30
 38475 | Snake:3  | Reached skill level 5 in Dodging
 39013 | Snake:3  | Noticed Donald
 39224 | Snake:3  | Reached skill level 10 in Invocations
 39455 | Snake:2  | Donated 397 gold pieces to Zin
 39496 | Snake:3  | Noticed Vashnia
 39690 | Snake:2  | Learned a level 2 spell: Blink
 39827 | D:8      | Learned a level 5 spell: Alistair's Intoxication
 40030 | Snake:3  | Killed Donald
 41036 | Snake:3  | Reached skill level 12 in Alchemy
 41104 | Snake:3  | Found Cour's Antique Weapon Boutique.
 41104 | Snake:3  | Found Zidwu's Assorted Antiques.
 41123 | Snake:3  | Bought a scroll of identify for 74 gold pieces
 41124 | Snake:3  | Bought a scroll of identify for 74 gold pieces
 41270 | Snake:3  | Reached skill level 1 in Summonings
 41530 | Snake:3  | HP: 8/162 [Vashnia/arrow (38)]
 41530 | Snake:3  | Zin protects you from harm!
 41584 | Snake:3  | Killed Vashnia
 42352 | D:13     | Identified the +8 whip "Jiocrona" {venom, *Noise Will+
                  | Int+5}
 43866 | D:14     | Learned a level 5 spell: Arcjolt
 43931 | D:14     | Found an ornate altar of the Wu Jian Council.
 44531 | D:14     | Found a gate to the Vaults.
 44642 | D:14     | Was placed under penance by Zin
 44643 | D:14     | Donated 238 gold pieces to Zin
 44752 | D:15     | Entered Level 15 of the Dungeon
 45543 | Lair:2   | Was forgiven by Zin
 45742 | Shoals:1 | Entered Level 1 of the Shoals
 45934 | Shoals:1 | Reached XP level 17. HP: 155/170 MP: 22/32
 46140 | Shoals:2 | Noticed Ilsuiw
 46401 | Shoals:2 | Noticed Polyphemus
 46428 | Shoals:2 | Killed Polyphemus
 47323 | Shoals:3 | Found Peridoum's Assorted Antiques.
 47636 | Shoals:4 | Entered Level 4 of the Shoals
 48210 | Shoals:3 | Reached skill level 13 in Alchemy
 49294 | Shoals:4 | Noticed a sphinx
 49504 | Shoals:4 | Killed a sphinx
 49692 | Shoals:4 | Identified the +9 battleaxe "Aghare Bol" {venom, rF- Str+6
                  | Dex+5}
 50112 | Shoals:4 | Noticed a sphinx
 50121 | Shoals:4 | Killed a sphinx
 50200 | Shoals:4 | Identified the ring "Lalot" {rF- Will+++ MP+9 Dex+6 Slay-6}
 50295 | Shoals:4 | Noticed a sphinx
 50302 | Shoals:4 | Killed a sphinx
 50364 | Shoals:4 | Noticed a sphinx
 50373 | Shoals:4 | Killed a sphinx
 50497 | Shoals:4 | Got a barnacled rune of Zot
 51205 | Shoals:1 | Reached XP level 18. HP: 182/182 MP: 21/33
 51547 | Shoals:3 | Bought a scroll of identify for 52 gold pieces
 51547 | Shoals:3 | Bought a scroll of identify for 52 gold pieces
 52360 | Snake:4  | Entered Level 4 of the Snake Pit
 55539 | Snake:4  | Got a serpentine rune of Zot
 55947 | Vaults:1 | Entered Level 1 of the Vaults
 55992 | Vaults:1 | Reached skill level 14 in Alchemy
 56204 | Vaults:1 | Noticed Norris
 56321 | Vaults:1 | Reached skill level 5 in Evocations
 56722 | Vaults:2 | Reached XP level 19. HP: 155/195 MP: 3/35
 61059 | Vaults:1 | Reached skill level 15 in Alchemy
 61557 | Vaults:1 | Reached XP level 20. HP: 178/200 MP: 24/36
 61989 | Orc:2    | Bought a book of Chaos for 750 gold pieces
 61996 | Orc:2    | Learned a level 6 spell: Conjure Ball Lightning
 62424 | Vaults:3 | Reached skill level 15 in Invocations
 66628 | Elf:1    | Entered Level 1 of the Elven Halls
 66686 | Elf:1    | Noticed Nikola
 67820 | Elf:1    | Paralysed by an air elemental for 1 turns
 68547 | Elf:2    | Was placed under penance by Zin
 68569 | Elf:2    | Donated 160 gold pieces to Zin
 69047 | Orc:1    | Killed Jorgrun
 71286 | Vaults:1 | Was forgiven by Zin
 71921 | Vaults:1 | Identified the +9 hand axe of Setytsuvio {venom, Int+5}
 72169 | Vaults:3 | Reached XP level 21. HP: 215/215 MP: 19/37
 73197 | Vaults:3 | Found a staircase to the Crypt.
 73240 | Vaults:3 | Reached skill level 16 in Alchemy
 73718 | Vaults:3 | Found Roej's Antique Weapon Emporium.
 74268 | Vaults:4 | Reached skill level 15 in Fighting
 76508 | Vaults:4 | Found Udoagafoy's Antique Armour Boutique.
 76514 | Vaults:4 | Bought a transparent robe for 233 gold pieces
 76514 | Vaults:4 | Identified the +1 robe of Enynk {rF- Int+6} (You bought it
                  | in a shop on level 4 of the Vaults)
 77618 | Crypt:1  | Entered Level 1 of the Crypt
 79188 | Vaults:3 | Learned a level 3 spell: Stone Arrow
 79921 | Elf:2    | Found a shimmering blue altar of Sif Muna.
 80703 | Elf:2    | Found a runed translucent gate.
 80704 | Elf:2    | Found a runed translucent gate.
 80704 | Elf:2    | Found a runed translucent gate.
 80751 | Elf:3    | Entered Level 3 of the Elven Halls
 81503 | Elf:3    | Found Bidig's Antique Weapon Shoppe.
 82253 | Elf:3    | Paralysed by an air elemental for 1 turns
 82707 | Elf:3    | Reached skill level 5 in Stealth
 82918 | Elf:3    | Reached XP level 22. HP: 210/227 MP: 30/39
 83067 | Elf:3    | Identified the +2 chain mail of Suyfogho {rElec rN+}
 83188 | Elf:3    | Identified the +2 halberd "Beetle's Demise" {speed, Will+
                  | Dex+3}
 84011 | Elf:3    | Identified the +6 triple sword "Lolirgh" {speed, rPois
                  | Str-5 Dex+5}
 84223 | Elf:3    | Got Fuirol's Writings on the Gang
 84270 | Elf:3    | Identified the staff of Gil Wut {*Slow rC+ Int+6 Ice}
 84278 | Elf:3    | Identified the +0 chain mail of the Northern Lights {Fly
                  | rElec rCorr Dex-5}
 84283 | Elf:3    | Got the Papyrus of the Exiled Realms
 85229 | Snake:2  | Identified the +0 hat of the Thinker {MP+9}
 85392 | Snake:2  | Found a transporter.
 86995 | D:15     | Found a staircase to the Depths.
 87493 | Slime:1  | Entered Level 1 of the Pits of Slime
 87500 | Slime:1  | Paralysed by a formless jellyfish for 1 turns
 89464 | Slime:1  | You fall into a shaft and drop 1 floor!
 90274 | Slime:3  | Reached skill level 17 in Alchemy
 90572 | Slime:5  | Entered Level 5 of the Pits of Slime
 91290 | Slime:5  | Paralysed by a formless jellyfish for 1 turns
 91292 | Slime:5  | Paralysed by a formless jellyfish for 1 turns
 91659 | Slime:5  | Noticed the Royal Jelly
 91752 | Slime:5  | Reached skill level 10 in Dodging
 92222 | Slime:3  | Reached skill level 15 in Conjurations
 92222 | Slime:3  | Reached skill level 15 in Air Magic
 92727 | Slime:4  | Reached XP level 23. HP: 224/239 MP: 34/40
 92731 | Slime:4  | Was placed under penance by Zin
 92752 | Slime:4  | Reached skill level 1 in Throwing
 93259 | Slime:5  | Found a viscous altar of Jiyva.
 94125 | Crypt:1  | Was forgiven by Zin
 94791 | Crypt:1  | Identified the ring of the Sun {Ice ^Drain Fly rN+ rCorr}
 95017 | Crypt:1  | Found a transporter.
 95097 | Crypt:1  | Found a basalt altar of Yredelemnul.
 95195 | Crypt:1  | Identified the ring "Bakuink" {Ice rPois rN+ Int+3}
 95195 | Crypt:1  | Noticed Josephina
 95450 | Crypt:1  | Killed Josephina
 96406 | Crypt:1  | Noticed a dread lich
 96803 | Vaults:1 | Killed Norris
 97928 | Slime:5  | Killed the Royal Jelly
 98502 | Slime:5  | Got a slimy rune of Zot
 98565 | Slime:5  | Identified the +4 great mace of an ossuary {protect, Str+5
                  | Stlth-}
 98621 | Slime:5  | Got Sif Muna's Elucidation of Anathema and Nonlocality
 98894 | Shoals:3 | Bought a scroll of acquirement for 1352 gold pieces
 98894 | Shoals:3 | Acquired 558 gold pieces
 99329 | Shoals:2 | Killed Ilsuiw
100386 | Vaults:3 | HP: 4/203 [green death/bolt of poison[a dread lich] (29)]
100386 | Vaults:3 | Slain by a dread lich

Illustrated notes

Levels and vault maps discovered:
D:1:      dpeg_arrival_snail, layout_loops_ring, nrook_uturn,
          chequers_serial_rivers_large_a
D:2:      layout_basic
D:3:      layout_basic, mainiacjoe_overflow_two_lobes, nicolae_the_louvre
D:4:      layout_gridville, nicolae_titane
D:5:      layout_loops_ring, cheibrodos_ashenzari_chains, xom_teletrap_fun,
          minmay_temple_entry_mist, gup_ossuary_entry_pyramid, dk_noncrumbling_2
D:6:      layout_layer_cave
D:7:      layout_basic, nicolae_overflow_hallway_of_the_gods,
          makhleb_blood_cavern_becter
D:8:      layout_basic, erik_lair_island, nicolae_water_bricks, uniq_jeremiah
D:9:      layout_stronghold, orc_david_3, minivault_16
D:10:     layout_rooms, uniq_urug, uniq_grum, uniq_lodul
D:11:     layout_big_octagon, serial_shops, shop_statue
D:12:     layout_loops_corners, minmay_diced_spiral
D:13:     layout_basic
D:14:     layout_rooms, hellmonk_vaults_order_and_chaos,
          kennysheep_pointless_box, nzn_wu_jian_contemplation
D:15:     hangedman_depths_entry_try_elsewhere_first, layout_cave_pools,
          abandoned_shop
Lair:1:   layout_layer_cave
Lair:2:   layout_cave_pods, infiniplex_staircase_pool, grunt_megastairs_3,
          lemuel_fruit_fields, lemuel_fruit_tree
Lair:3:   layout_layer_cave, mainiacjoe_shoals_entry_four_pools,
          nicolae_snake_entry_warm_welcome
Lair:4:   layout_long_grid, slime_entry_1
Lair:5:   gammafunk_lair_ancient_temple, layout_regular_city,
          chequers_serial_rivers_room_b, gammafunk_lair_bear_cave,
          serial_bayou_shore_a
Shoals:1: layout_shoals
Shoals:2: layout_shoals, uniq_polyphemus, uniq_ilsuiw
Shoals:3: layout_shoals, serial_shops, nicolae_shop_getting_attention,
          nicolae_shoals_lost_giant_hut
Shoals:4: shoals_end_hellmonk_lost_city, serial_shops
Snake:1:  layout_cave_shapes
Snake:2:  gammafunk_sealed_library, layout_misc_corridors, serial_shops,
          nicolae_shop_window_shopping, nicolae_shop_crystal,
          nicolae_square_shop
Snake:3:  layout_misc_corridors, minmay_shoptagon, uniq_donald, uniq_aizul,
          uniq_vashnia
Snake:4:  johnstein_snake_rune_scales, layout_cave_town, serial_bayou_ford_a
Slime:1:  layout_caves
Slime:2:  layout_caves, cheibrodos_slime_lost_civilization_6
Slime:3:  layout_caves
Slime:4:  layout_caves
Slime:5:  slime_pit_nicolae_inversion
Orc:1:    cheibrodos_orc_bank, layout_diamond_mine, mines2_david, uniq_jorgrun,
          uniq_sonja
Orc:2:    pf_orc_diabolical, layout_diamond_mine, nicolae_shop_overcharged_wands
Elf:1:    minmay_elf_arrival_plus, layout_gridlike, serial_shops, shop,
          minmay_elf_necromancy, hangedman_decor_cross_pass, uniq_nikola
Elf:2:    nicolae_elf_blades_crystal_corner, layout_loops_corners,
          serial_sigils, serial_sigils_hangedman_writhe,
          serial_sigils_hangedman_quiver, serial_sigils_hangedman_confine,
          serial_sigils_hangedman_shear, basic_altar
Elf:3:    elf_hall, layout_loops_corners, serial_shops,
          nicolae_shop_overgrown_old_shop
Vaults:1: nicolae_vaults_little_squares_1, ontoclasm_vaults_misaligned,
          v_misc_9, nicolae_vaults_arrows, nicolae_vaults_trapezoid_2,
          ontoclasm_vaults_shuriken, nicolae_vaults_trapezoid_lopsided_3,
          nicolae_vaults_antechamber_and_loot_room,
          serial_library_hellmonk_reading_circle, hangedman_vaults_pinch,
          vaults_room_corners, vaults_dpeg_cross, layout_vaults_omnibox,
          uniq_norris
Vaults:2: infiniplex_enter_wizlab_water, grunt_vaults_twisty,
          nicolae_vaults_shrinking_rooms_2, nicolae_vaults_little_ls,
          grunt_vaults_focal, nicolae_vaults_stepped_doors,
          nicolae_vaults_sesquioval_fish, nicolae_vaults_sesquioval_fish,
          nicolae_vaults_mini_display_case, hangedman_surveillance_ring,
          nicolae_vaults_trapezoid_2, layout_vaults_maze_snakey
Vaults:3: nicolae_vaults_network_star, nicolae_vaults_hexular_roomagon,
          nicolae_vaults_wrenched, ontoclasm_vaults_claustrophobia,
          minmay_crypt_entry_simple_round, nicolae_vaults_network_periphery,
          nicolae_vaults_weapon_check, vaults_room_pools,
          nicolae_vaults_house_3, nicolae_vaults_tetromino_T_1,
          vaults_room_hallway, nicolae_vaults_ring_of_whatevers,
          vaults_dpeg_diagonal, nicolae_vaults_storage_closets_3,
          nicolae_vaults_tetromino_T_2, vaults_room_fours,
          nicolae_vaults_library_corner, layout_vaults_ring, serial_shops, shop
Vaults:4: nicolae_vaults_offset_grid_hallway_4, nicolae_vaults_little_squares_2,
          ontoclasm_vaults_spin, nicolae_vaults_closet_pinwheel_6,
          ontoclasm_vaults_idyll, vaults_room_fours, nicolae_vaults_six-pack,
          grunt_vaults_funnel, nicolae_vaults_trapezoid_2,
          nicolae_vaults_surprise_closet, layout_vaults_quadrants, serial_shops,
          nicolae_shop_rolling_square
Crypt:1:  gammafunk_its_a_trap, layout_gridlike, basic_altar, st_stairs_8,
          st_shrine_of_skulls, grunt_crypt_arrival_split, uniq_josephina

Skill      XL: |  1  2  3  4  5  6  7  8  9 10 11 12 13 14 15 16 17 18 19 20 21 22 23 |
---------------+----------------------------------------------------------------------+-----
Conjurations   | 1 2 3 5 7 9 10 11 12 13 14 15 | 15.4
Fighting       | 1 2 3 4 5 6 7 8 9 10 11 13 14 15 16 | 16.9
Alchemy        | 3 4 5 7 9 10 11 12 13 14 15 16 17 | 17.5
Air Magic      | 1 2 3 5 7 9 10 11 12 13 14 15 | 15.0
Spellcasting   | 3 6 8 10 11 12 13 | 13.7
Evocations     | 1 2 5 6 7 |  7.0
Fire Magic     | 1 3 4 6 7 8 |  8.1
Invocations    | 3 4 5 6 9 11 13 14 15 | 15.0
Ice Magic      | 3 5 7 9 10 11 | 11.0
Dodging        | 4 5 6 7 10 11 | 11.4
Translocations | 4 5 |  5.0
Armour         | 3 4 |  4.1
Summonings     | 3 |  3.0
Stealth        | 3 5 |  5.0
Throwing       | 4 |  4.0

Action                     |  1- 3 |  4- 6 |  7- 9 | 10-12 | 13-15 | 16-18 | 19-21 | 22-24 || total
---------------------------+-------+-------+-------+-------+-------+-------+-------+-------++-------
  Melee: Staff             |    53 |    31 |     4 |       |   116 |    34 |     8 |    30 ||   276
         Headbutt          |     5 |    18 |    23 |    17 |    39 |    30 |    37 |    13 ||   182
         Punch             |     1 |       |     3 |       |       |       |       |       ||     4
         Dagger            |     3 |       |     2 |       |       |       |       |       ||     5
         Flail             |       |    78 |    49 |       |       |       |       |       ||   127
         Rapier            |       |       |    98 |    94 |    57 |    44 |    89 |     4 ||   386
         Morningstar       |       |       |     1 |       |       |       |       |       ||     1
         Whip              |       |       |       |       |       |    42 |       |       ||    42
  Throw: Stone             |     4 |     8 |    15 |       |       |       |       |       ||    27
         Dart              |       |       |     5 |       |       |       |       |       ||     5
         Boomerang         |       |       |     3 |       |       |       |       |       ||     3
         Large rock        |       |       |       |       |       |       |       |     7 ||     7
   Cast: Sting             |    64 |    38 |    39 |     8 |     5 |       |       |       ||   154
         Mercury Vapours   |     7 |    52 |    63 |    39 |    52 |    10 |     6 |       ||   229
         Mephitic Cloud    |       |       |     8 |    12 |    11 |       |       |       ||    31
         Sticky Flame      |       |       |     9 |    29 |    38 |    15 |    37 |    14 ||   142
         Olgreb's Toxic Ra |       |       |    33 |   126 |   169 |   144 |   301 |    68 ||   841
         Fulminant Prism   |       |       |       |     8 |    16 |    20 |    42 |    24 ||   110
         Ignite Poison     |       |       |       |    14 |    55 |     3 |       |       ||    72
         Freezing Cloud    |       |       |       |       |   111 |   254 |   229 |   144 ||   738
         Apportation       |       |       |       |       |    16 |    69 |    30 |    17 ||   132
         Summon Ice Beast  |       |       |       |       |    57 |   173 |   184 |    36 ||   450
         Alistair's Intoxi |       |       |       |       |       |    43 |    36 |     6 ||    85
         Arcjolt           |       |       |       |       |       |    14 |    32 |    92 ||   138
         Blink             |       |       |       |       |       |     5 |    31 |     6 ||    42
         Conjure Ball Ligh |       |       |       |       |       |       |    57 |    97 ||   154
         Stone Arrow       |       |       |       |       |       |       |    39 |    86 ||   125
 Invoke: Recite            |       |     4 |     7 |     2 |     8 |    55 |    50 |    15 ||   141
         Imprison          |       |       |       |     1 |     2 |     5 |     3 |     5 ||    16
         Vitalisation      |       |       |       |       |     5 |     3 |     1 |     6 ||    15
         Sanctuary         |       |       |       |       |     1 |     2 |       |     3 ||     6
         Donate Gold       |       |       |       |       |       |     2 |     1 |       ||     3
  Evoke: Wand              |       |       |       |     1 |       |     1 |     3 |     2 ||     7
         Lightning rod     |       |       |       |       |     1 |     1 |     4 |     1 ||     7
         Condenser vane    |       |       |       |       |       |     2 |     1 |     1 ||     4
         Phantom mirror    |       |       |       |       |       |       |     1 |     1 ||     2
    Use: Scroll            |       |     3 |     3 |     6 |     6 |    14 |    13 |     3 ||    48
         Potion            |       |       |       |       |       |     5 |     4 |     2 ||    11
   Stab: Sleeping          |     4 |     1 |       |       |       |       |       |       ||     5
         Confused          |       |       |     6 |     2 |     3 |       |     1 |       ||    12
         Distracted        |       |       |       |       |       |       |     2 |       ||     2
 Armour: Robe              |    40 |    68 |   154 |   107 |    71 |   384 |   515 |   214 ||  1553
         Steam dragon scal |       |       |       |       |   229 |       |       |       ||   229
         Acid dragon scale |       |       |       |       |       |       |       |   188 ||   188
  Dodge: Dodged            |    22 |    53 |   117 |    80 |   212 |   236 |   308 |   126 ||  1154
